 Dungeon Crawl Stone Soup version 0.31-a0-960-g0fca184906 (webtiles) character file.

Game seed: 16037453831471737626

32 Azuregosa the Sneak (level 3, 26/26 HPs)
             Began as an Octopode Delver on Oct 23, 2023.
             Was a Follower of Kikubaaqudgha.
             Quit the game on level 2 of the Dungeon.
             The game lasted 00:04:44 (402 turns).

Azuregosa the Sneak (Octopode Delver)                Turns: 402, Time: 00:04:44

Health: 26/26      AC:  1    Str: 11    XL:     3   Next: 27%
Magic:  3/3        EV: 14    Int: 18    God:    Kikubaaqudgha [*.....]
Gold:   0          SH:  0    Dex: 15    Spells: 2/2 levels left

rFire   . . .        f - +0 spear
rCold   . . .        (no shield)
rNeg    . . .        (helmet restricted)
rPois   .            (no amulet)
rElec   .            k - +6 ring of intelligence
rCorr   .            (no ring)
SInv    .            (no ring)
Will    .....        (no ring)
Stlth   ++++         (no ring)
HPRegen 0.24/turn    (no ring)
MPRegen 0.08/turn    (no ring)
                     (no ring)

%: no passive effects
@: no status effects
A: almost no armour, amphibious, 8 rings, camouflage 1, gelatinous body 1,
(nimble swimmer 1), tentacles
a: Renounce Religion, Unearth Wretches


You were on level 2 of the Dungeon.
You worshipped Kikubaaqudgha.
Kikubaaqudgha was aware of your devotion.
You visited 1 branch of the dungeon, and saw 5 of its levels.

Inventory:

Hand Weapons
 f - a +0 spear (weapon)
Missiles
 h - 7 stones
Magical Staves
 l - a staff of cold
Jewellery
 k - a +6 ring of intelligence (left tentacle)
Wands
 e - a wand of digging (3)
 g - a wand of acid (8)
Scrolls
 a - a scroll of fog
 c - a scroll of fear
 i - a scroll of identify {unknown}
 j - 2 scrolls of blinking {unknown}
 m - a scroll of torment {unknown}
Potions
 b - a potion of curing {unknown}
 d - a potion of haste


   Skills:
 - Level 3.0 Fighting
 + Level 3.6 Dodging
 - Level 6.6 Stealth
 - Level 2.0 Unarmed Combat


You had 2 spell levels left.
You didn't know any spells.
Your spell library contained the following spells:

 Spells                   Type           Power      Damage    Failure   Level
 Necrotise                Necr           0%         1d4       22%         1
 Cigotuvi's Dreadful Rot  Necr/Pois/Air  0%         N/A       32%         2
 Sublimation of Blood     Necr           0%         N/A       32%         2
 Vampiric Draining        Necr           0%         2d6       54%         3


Dungeon Overview and Level Annotations

Branches:
Dungeon (6/15)
 Temple: D:4-7

Altars:
Gozag
Kikubaaqudgha

Annotations:
D:4 3 runed translucent doors, Menkaure; Xoff's ghost, amateur GnCj


Innate Abilities, Weirdness & Mutations

You cannot wear most types of armour.
You are amphibious.
You can wear up to eight rings at the same time.
Your skin changes colour to match your surroundings (Stealth+).
Your rubbery body absorbs attacks. (AC +1, EV +1)
((You are camouflaged when in or above water. (Stealth+)))
You have tentacles for arms and can constrict up to eight enemies at once.


Message History

The kobold shouts!
You barely miss the kobold. Your grab misses the kobold.
The kobold hits you with a +0 short sword.
You hit the kobold but do no damage. You grab the kobold.
You constrict the kobold. The kobold barely misses you.
You hit the kobold.
You kill the kobold!
Things that are here:
a +0 short sword; a kobold corpse You start resting.
HP restored.
k - a +6 ring of intelligence You feel clever.
k - a +6 ring of intelligence (left tentacle)
A frilled lizard comes into view.
The frilled lizard hisses angrily.
Reach: f) +0 spear
Press: ? - help, Dir - move target, f - frilled lizard
Aim: a frilled lizard (about 56% to evade your +0 spear)
You reach to attack!
You barely miss the frilled lizard. You hit the frilled lizard.
You kill the frilled lizard!
Things that are here:
a staff of cold; a frilled lizard corpse
l - a staff of cold
Found 5 javelins.
You see here 5 javelins.
j - 2 scrolls labelled CUDURO KEUZ (gained 1)
Found a faded altar of an unknown god.
m - a scroll labelled MEPPEP EHAHEBE
There is a faded altar of an unknown god here.
This altar belongs to (a) Kikubaaqudgha, (b) Elyvilon or (c) Jiyva, but you can't tell which.
Press the corresponding letter to learn more about a god, or press enter to convert or escape to cancel.
Okay, then.
This altar belongs to (a) Kikubaaqudgha, (b) Elyvilon or (c) Jiyva, but you can't tell which.
Press the corresponding letter to learn more about a god, or press enter to convert or escape to cancel.
Kikubaaqudgha accepts your prayer! Kikubaaqudgha welcomes you!
You can now bring forth the wretched and dying.
Kikubaaqudgha grants you a gift!
You add the spells Necrotise, Cigotuvi's Dreadful Rot, Sublimation of Blood and Vampiric Draining to your library.
Are you sure you want to abandon this character and quit the game? (Confirm with "yes".)

#.# #........###... #####.#
#.....†..##.... ####.....#
#.............. #....###.#
#........##...) #.##.#..♣#
#...........#'#. #...♣.♣♣♣♣♣
♣♣.......####†##
#....♣♣♣♣♣.♣♣♣.##########..#
#....♣♣..♣♣.♣♣. #........
#....♣.♣.♣.@♣♣ #.>...⌠..
#....♣.♣♣..♣♣ #........
##...♣.♣♣♣.♣ ######..#
##.(♣♣..♣♣♣ #.## #....♣♣♣
#+# ##♣.♣♣ #..♣ #... #....


There were no monsters in sight!

Vanquished Creatures
  2 adders
  A worm (D:2)
  A dart slug (D:3)
  A quokka (D:5)
  3 ball pythons
  A frilled lizard (D:2)
  2 kobolds
11 creatures vanquished.

Notes
Turn   | Place    | Note
-------+----------+-------------------------------------------
     0 | D:5      | Azuregosa the Octopode Delver began the quest for the Orb.
     0 | D:5      | Reached XP level 1. HP: 16/16 MP: 1/1
     3 | D:6      | Noticed a centaur
    74 | D:5      | Found an opulent altar of Gozag.
    74 | D:5      | Noticed a lemure
    74 | D:5      | Noticed a lemure
   108 | D:5      | Reached XP level 2. HP: 16/21 MP: 2/2
   188 | D:4      | Found a runed translucent gate.
   190 | D:4      | Found a runed translucent gate.
   191 | D:4      | Found a runed translucent gate.
   200 | D:4      | Noticed Xoff's ghost (amateur GnCj)
   207 | D:4      | Noticed Menkaure
   259 | D:3      | Reached XP level 3. HP: 26/26 MP: 3/3
   395 | D:2      | Found a faded altar of an unknown god.
   401 | D:2      | Prayed at the altar of an unknown god.
   401 | D:2      | Became a worshipper of Kikubaaqudgha
   401 | D:2      | Reached * piety under Kikubaaqudgha
   401 | D:2      | Received a gift from Kikubaaqudgha
   402 | D:2      | Quit the game

Illustrated notes

Levels and vault maps discovered:
D:2:      layout_loops_cross, chequers_ecumenical_altar_grove, minivault_24,
          st_stairs_9, grunt_ministairs_14
D:3:      cheibrodos_helix_gallery, layout_loops_cross,
          nicolae_tso_swordbearing_angel, grunt_ministairs_5,
          small_statue_intersection, uniq_natasha, uniq_ijyb
D:4:      layout_loops_ring, nzn_wu_jian_contemplation, enter_ossuary_1,
          ebering_ghost_rock_garden, uniq_menkaure
D:5:      layout_basic, mainiacjoe_overflow_alcove_2, uniq_crazy_yiuf_cottage,
          uniq_pikel
D:6:      layout_rooms, grunt_temple_overflow_forces_of_nature,
          gammafunk_ghost_split, minmay_shop_enchanted_jewellery, minivault_22,
          uniq_blork_the_orc, uniq_prince_ribbit1

Skill      XL: |  1  2 |
---------------+-------+-----
Dodging        | 3 |  3.6
Fighting       | |  3.0
Stealth        | |  6.6
Unarmed Combat | |  2.0

Action                     || total
---------------------------++-------
  Melee: Spear             ||    27
         Constrict         ||     7
         Tentacles         ||     6
    Use: Scroll            ||     1
   Stab: Sleeping          ||     4
 Armour: Skin              ||    10
  Dodge: Dodged            ||    11

Table legend: (Time is in decaauts)
 A = Elapsed time spent in this place.
 B = Non-inter-level travel time spent in this place.
 C = Inter-level travel time spent in this place.
 D = Time resting spent in this place.
 E = Time spent auto-exploring this place.
 F = Levels seen in this place.
 G = Mean time per level.
                   A        B        C        D        E       F      G
               +--------+--------+--------+--------+--------+-----+--------+
         Total |    403 |    403 |      0 |     83 |     92 |   5 |   80.6 |
       Dungeon |    403 |    403 |      0 |     83 |     92 |   5 |   80.6 |
               +--------+--------+--------+--------+--------+-----+--------+

Top non-repeatable levels by time:
     D:2: 139 daAuts
     D:4: 115 daAuts
     D:5: 108 daAuts
     D:3: 36 daAuts
     D:6: 3 daAuts
